 Dungeon Crawl Stone Soup version 0.21.1-1-g345015f (webtiles) character file.

9 shakethe the Skirmisher (level 2, -1/24 HPs)
             Began as a Demonspawn Abyssal Knight on Feb 21, 2018.
             Was an Initiate of Lugonu.
             Slain by a kobold
             ... wielding a +0 short sword
              (4 damage)
             ... on level 1 of the Dungeon.
             The game lasted 00:00:58 (530 turns).

shakethe the Skirmisher (Demonspawn Abyssal Knight)  Turns: 530, Time: 00:00:58

Health: -1/24      AC:  3    Str: 12    XL:     2   Next: 6%
Magic:  3/3        EV: 11    Int: 13    God:    Lugonu [......]
Gold:   17         SH:  0    Dex: 12    Spells: 1/1 levels left

rFire    . . .     SeeInvis .   a - +1 hand axe
rCold    + . .     Gourm    .   (no shield)
rNeg     . . .     Faith    .   b - +0 leather armour
rPois    .         Spirit   .   (no helmet)
rElec    .         Reflect  .   (no cloak)
rCorr    .         Harm     .   (no gloves)
MR       .....                  (no boots)
Stlth    +.........             (no amulet)
HPRegen  0.08/turn              (no ring)
MPRegen  0.08/turn              (no ring)

@: no status effects
A: cold resistance 1
a: Renounce Religion


You were on level 1 of the Dungeon.
You worshipped Lugonu.
Lugonu was noncommittal.
You were not hungry.

You visited 1 branch of the dungeon, and saw 1 of its levels.
You visited the Abyss 1 time.

You collected 17 gold pieces.

Inventory:

Hand Weapons
 a - a +1 hand axe (weapon)
Armour
 b - a +0 leather armour (worn)
Scrolls
 d - 2 scrolls of fog {unknown}
Potions
 e - a potion of mutation {unknown}
 f - a potion of heal wounds {unknown}
Comestibles
 c - a ration
 g - 3 chunks of flesh {@w0@w0}


   Skills:
 + Level 3.2 Fighting
 + Level 2.1 Axes
 - Level 1.7 Armour
 + Level 1.2 Dodging
 - Level 2.4 Invocations


You had one spell level left.
You didn't know any spells.

Dungeon Overview and Level Annotations

Branches:
Dungeon (1/15)

Altars:


Innate Abilities, Weirdness & Mutations

Your flesh is cold resistant. (rC+)


Message History

The frilled lizard hisses angrily.
Things that are here:
a club; a goblin corpse The frilled lizard hisses angrily.
You hit the frilled lizard.
You kill the frilled lizard!
Lugonu accepts your kill.
You completely miss the frilled lizard. The frilled lizard bites you. x2
You take 4 damage, and have 14/18 hp.
MASSIVE DAMAGE!!
You closely miss the frilled lizard. The frilled lizard closely misses you.
You hit the frilled lizard.
You kill the frilled lizard!
Lugonu accepts your kill.
You have reached level 2!
Your demonic ancestry asserts itself...
You feel resistant to cold.
You regained 4 hp, and now have 18/24 hp.
MP restored: 3 You see here a frilled lizard corpse.
You butcher the frilled lizard corpse.
g - 2 chunks of flesh {@w0@w0} (gained 1)
You see here a frilled lizard skeleton.
You butcher the goblin corpse.
g - 3 chunks of flesh {@w0@w0} (gained 1)
Things that are here:
a club; a goblin skeleton
Things that are here:
a club; a goblin skeleton You open the door.
There is an open door here.
As you open the door, it creaks loudly!
You hear a bark! x2
Found a stone staircase leading down.
A jackal comes into view.
There is an open door here.
The jackal bites you but does no damage.
A jackal comes into view.
You closely miss the jackal. The jackal bites you.
You take 1 damage, and have 20/24 hp.
You closely miss the jackal. The jackal bites you. x2
You take 2 damage, and have 18/24 hp.
You hit the jackal.
You kill the jackal!
Lugonu accepts your kill.
A jackal comes into view.
The jackal bites you but does no damage.
The jackal barely misses you.
A jackal comes into view.
You closely miss the jackal.
The jackal barks!
You hear a shout!
The jackal moves out of view.
The jackal bites you. x2
You take 6 damage, and have 12/24 hp.
MASSIVE DAMAGE!!
You are too injured to fight recklessly!
You barely miss the jackal. The jackal barely misses you.
You barely miss the jackal. The jackal bites you. x2
A kobold comes into view. It is wielding a short sword.
You take 4 damage, and have 8/24 hp.
You closely miss the jackal.
The jackal bites you but does no damage.
The kobold moves out of view.
You completely miss the jackal.
The jackal barks!
The jackal bites you.
* * * LOW HITPOINT WARNING * * *
The jackal bites you but does no damage.
You take 2 damage, and have 6/24 hp.
You hit the jackal.
The jackal bites you but does no damage.
There is an open door here.
You closely miss the jackal.
The jackal bites you but does no damage. x2
You closely miss the jackal. The jackal bites you.
* * * LOW HITPOINT WARNING * * *
The jackal bites you.
* * * LOW HITPOINT WARNING * * *
You take 3 damage, and have 4/24 hp.
You hit the jackal. The jackal bites you.
* * * LOW HITPOINT WARNING * * *
You take 1 damage, and have 3/24 hp.
You closely miss the jackal. The jackal barely misses you.
The jackal bites you but does no damage.
There is an open door here.
The jackal bites you.
* * * LOW HITPOINT WARNING * * *
You take 1 damage, and have 2/24 hp.
The jackal closely misses you.
The jackal bites you but does no damage.
The jackal barely misses you. The jackal barely misses you.
You barely miss the jackal. You hit the jackal but do no damage.
The jackal barely misses you. x2
The jackal bites you but does no damage.
The kobold misses you. The jackal bites you.
* * * LOW HITPOINT WARNING * * *
You take 1 damage, and have 3/24 hp.
The teleport trap disappears.
The jackal disappears!
The kobold hits you with a short sword.
You die...

##.##...##⌠##...#
#....#
##.##.####...##..#
####.#
#.##.##...###.#..# #.#
#.#.##.####⌠#.#..# #.#
##.#.#.##....#.##.# #.#
#⌠.#.#.#⌠.##.#.⌠#.# #.#
##.#.#.##.⌠#.#.##.# #.#
#.#.##...##.#.#..# #.#
#.##.#####.##.#@## #.#
##.##.....##.##K#######
#.#
.##.#######.##§hh.....#
#.#
..##.......##.).......#
#.#
...####⌠####..#.......#
#.#
#....######.##.......#
#.# .#.
#........##.......# #.#
.#.###..####.##.......#
### ....##.##
#.##.......#


You could see 2 jackals and a kobold.

Vanquished Creatures
  A dart slug (D:1)
  2 goblins (D:1)
  A jackal (D:1)
  2 frilled lizards (D:1)
  A kobold (D:1)
  A rat (D:1)
8 creatures vanquished.

Notes
Turn   | Place    | Note
-------+----------+-------------------------------------------
     0 | Abyss:1  | shakethe the Demonspawn Abyssal Knight began the quest for the Orb.
     0 | Abyss:1  | Reached XP level 1. HP: 18/18 MP: 2/2
    70 | Abyss:1  | Found a corrupted altar of Lugonu.
   106 | D:1      | Escaped the Abyss
   428 | D:1      | Reached skill level 1 in Dodging
   430 | D:1      | Reached skill level 2 in Axes
   463 | D:1      | Gained mutation: Your flesh is cold resistant. (rC+) [demonic ancestry]
   463 | D:1      | Reached XP level 2. HP: 18/24 MP: 3/3
   499 | D:1      | HP: 6/24 [jackal (2)]
   507 | D:1      | HP: 5/24 [jackal (2)]
   511 | D:1      | HP: 2/24 [jackal (1)]
   525 | D:1      | HP: 3/24 [jackal (1)]
   530 | D:1      | Slain by a kobold

Skill      XL: |  1 |
---------------+----+-----
Dodging        | 1 |  1.2
Axes           | 2 |  2.1
Fighting       | |  3.2
Armour         | |  1.7
Invocations    | |  2.4

Action                   || total
-------------------------++-------
Melee: Hand axe          ||    29
Invok: Depart the Abyss  ||     1
Armor: Leather armour    ||    11
Dodge: Dodged            ||    15

Vault maps used:
D:1:      nagdon_arrival_double_spiral

Table legend:
 A = Turns spent in this place as a percentage of turns spent in the entire game.
 B = Non-inter-level travel turns spent in this place as a percentage of non-inter-level travel turns spent in the entire game.
 C = Inter-level travel turns spent in this place as a percentage of turns spent in this place.
 D = Turns resting spent in this place as a percentage of non-inter-level travel turns spent in this place.
 E = Turns spent auto-exploring this place as a percentage of non-inter-level travel turns spent in this place.
 F = Non-inter-level travel turns spent in this place divided by the number of levels of this place that you've seen.
                   A       B       C       D       E      F
               +-------+-------+-------+-------+-------+----------------------
         Total | 100.0 | 100.0 |   0.0 |  29.8 |  54.7 | 265.0
       Dungeon |  80.0 |  80.0 |   0.0 |  37.3 |  44.1 | 424.0
         Abyss |  20.0 |  20.0 |   0.0 |   0.0 |  97.2 | 106.0
               +-------+-------+-------+-------+-------+----------------------

Table legend:
 A = Kills in this place as a percentage of kills in entire the game.
 B = Kills by you in this place as a percentage of kills by you in the entire game.
 C = Kills by friends in this place as a percentage of kills by friends in the entire game.
 D = Other kills in this place as a percentage of other kills in the entire game.
 E = Experience gained in this place as a percentage of experience gained in the entire game.
 F = Experience gained in this place divided by the number of levels of this place that you have seen.
                   A       B       C       D       E      F
               +-------+-------+-------+-------+-------+----------------------
         Total | 100.0 | 100.0 |   N/A |   N/A | 100.0 |   7.0
       Dungeon | 100.0 | 100.0 |   N/A |   N/A | 100.0 |  14.0
               +-------+-------+-------+-------+-------+----------------------
